 Dungeon Crawl Stone Soup version 0.17.1-3-g152610e (webtiles) character file.

78 Locuples the Covert (level 4, -2/22 HPs)
             Began as a Spriggan Assassin on Mar 30, 2016.
             Was a Follower of Okawaru.
             Slain by a worm (6 damage)
             ... on level 2 of the Dungeon.
             The game lasted 00:04:59 (1088 turns).

Locuples the Covert (Spriggan Assassin)             Turns: 1088, Time: 00:04:59

Health: -2/22      AC:  3    Str:  8    XL:     4   Next: 15%
Magic:  5/5        EV: 17    Int: 12    God:    Okawaru [*.....]
Gold:   84         SH:  0    Dex: 17    Spells: 0 memorised, 3 levels left

rFire  . . .     SeeInvis +     a - +2 dagger
rCold  . . .     Clarity  .     c - +0 robe
rNeg   . . .     SustAt   .     (shield restricted)
rPois  .         Gourm    .     (helmet restricted)
rElec  .         Spirit   .     d - +0 cloak
rCorr  .         Warding  .     (gloves unavailable)
rMut   .         Stasis   .     (boots unavailable)
MR     .....                    (no amulet)
Stlth  ++++++....               (no ring)
                                r - ring of stealth

@: very quick, not resistant to hostile enchantments, very stealthy
A: unfitting armour, see invisible, herbivore 3, speed 3, slow metabolism 2
a: Heroism, Renounce Religion


You were on level 2 of the Dungeon.
You worshipped Okawaru.
Okawaru was aware of your devotion.
You were not hungry.

You visited 1 branch of the dungeon, and saw 2 of its levels.

You collected 84 gold pieces.

Inventory:

Hand Weapons
 a - a +2 dagger (weapon)
 b - a +0 blowgun
Missiles
 e - 8 poisoned needles
 f - 2 curare-tipped needles
Armour
 c - a +0 robe (worn)
 d - a +0 cloak (worn)
Jewellery
 r - a ring of stealth (left hand)
Scrolls
 h - 2 scrolls of identify {unknown}
 j - 2 scrolls of noise {unknown}
 l - a scroll of magic mapping {unknown}
 m - a scroll of blinking {unknown}
Potions
 i - a potion of cancellation {unknown}
 n - a potion of might {unknown}
 o - a potion of haste {unknown}
 p - a potion of curing {unknown}
 q - a potion of poison {unknown}
Comestibles
 g - 3 bread rations
 k - a slice of pizza


   Skills:
 - Level 1.5 Fighting
 + Level 2.5 Short Blades
 - Level 2.0 Throwing
 - Level 1.5 Dodging
 * Level 8.4 Stealth


You had 3 spell levels left.
You didn't know any spells.

Dungeon Overview and Level Annotations

Branches:
Dungeon (2/15)

Altars:
Okawaru


Innate Abilities, Weirdness & Mutations

You are tiny and cannot use many weapons and most armour.
You have supernaturally acute eyesight.
You are a herbivore.
You cover ground extremely quickly.
You need consume almost no food.


Message History

You completely miss the worm.
The worm is heavily wounded.
You hit the worm.
The worm is severely wounded.
The worm completely misses you.
You hit the worm.
The worm is severely wounded.
The worm bites you.
You hit the worm.
The worm is severely wounded.
You barely miss the worm.
The worm is severely wounded.
The worm bites you!
* * * LOW HITPOINT WARNING * * *
You barely miss the worm.
The worm is severely wounded.
You barely miss the worm.
The worm is severely wounded.
The worm bites you.
You die...

#####........
.........<........
#####.#######
.########.#.......
......# ###.##.†..#.
.###### #....#....## ##
#....#....## # #
#....#...... #.##
###........8..
#...####.........8.8.
#####w@#..........8._.8
..........##........8.8.
#########............8..
..............#......
#####..####.....#####
#...< ............
#.#####.......#### #.
#.......# .. ##.....##


You could see a worm.

Vanquished Creatures
  Jessica (D:2)
  4 oozes
  A giant gecko (D:1)
  A ball python (D:1)
  4 bats
  A giant cockroach (D:1)
  7 goblins (D:1)
  5 hobgoblins
  A giant newt (D:1)
  5 kobolds
  5 rats
35 creatures vanquished.

Notes
Turn   | Place    | Note
--------------------------------------------------------------
     0 | D:1      | Locuples the Spriggan Assassin began the quest for the Orb.
     0 | D:1      | Reached XP level 1. HP: 10/10 MP: 2/2
     7 | D:1      | Reached skill level 6 in Stealth
    59 | D:1      | Reached XP level 2. HP: 8/14 MP: 3/3
   144 | D:1      | Reached skill level 7 in Stealth
   515 | D:1      | Reached XP level 3. HP: 18/18 MP: 4/4
   880 | D:2      | Noticed Jessica
   882 | D:2      | Killed Jessica
   882 | D:2      | Reached skill level 8 in Stealth
   882 | D:2      | Reached XP level 4. HP: 22/22 MP: 5/5
  1008 | D:2      | Found a faded altar to an unknown god.
  1060 | D:2      | Became a worshipper of Warmaster Okawaru
  1060 | D:2      | Reached * piety under Okawaru
  1088 | D:2      | Slain by a worm

Action                   |  1- 3 |  4- 6 || total
-------------------------+-------+-------++-------
Melee: Dagger            |    59 |    24 ||    83
 Stab: Sleeping          |    15 |     3 ||    18
